 Dungeon Crawl Stone Soup version 0.28-a0-769-g550dbda0cd (webtiles) character file.

Game seed: 13197941554296644083

229 KoroneIsBestGirl the Ducker (level 5, -1/23 HPs)
             Began as a Felid Transmuter on Oct 31, 2021.
             Was an Initiate of Ashenzari.
             Killed from afar by Natasha (10 damage)
             ... with a magic dart
             ... on level 4 of the Dungeon.
             The game lasted 00:09:16 (8792 turns).

KoroneIsBestGirl the Ducker (Felid Transmuter)      Turns: 8792, Time: 00:09:17

Health: -1/23      AC:  1    Str:  7    XL:     5   Next: 71%
Magic:  9/10       EV: 19    Int: 15    God:    Ashenzari [......]
Gold:   171        SH:  0    Dex: 16    Spells: 7/10 levels left
                                        Lives:  0   Deaths: 1

rFire   . . .      SeeInvis +     - Unarmed
rCold   . . .      Faith    .   (shield unavailable)
rNeg    . . .      Spirit   .   (armour unavailable)
rPois   .          Reflect  .   (helmet unavailable)
rElec   .          Harm     .   (cloak unavailable)
rCorr   .          Rampage  .   (gloves unavailable)
Will    .....                   (boots unavailable)
Stlth   +.........              (no amulet)
HPRegen 0.07/turn               (no ring)
MPRegen 0.12/turn               (no ring)

@: appendages, quick
A: horns 2, very small, claws 1, fangs 3, see invisible, speed 1, shaggy fur 1,
stealthy paws, no weapons or thrown items, no armour, multi-lived
a: End Transformation, Renounce Religion


You were on level 4 of the Dungeon.
You worshipped Ashenzari.
Ashenzari was noncommittal.
You had temporarily grown beastly horns.
You visited 1 branch of the dungeon, and saw 4 of its levels.

You collected 171 gold pieces.

Inventory:

Wands
 e - a wand of polymorph (9)
Scrolls
 a - a scroll of teleportation
 b - 2 scrolls of vulnerability {unknown}
 c - 3 scrolls of immolation {unknown}
 f - 2 scrolls of identify {unknown}
 g - a scroll of noise {unknown}
 h - a scroll of fog {unknown}
 j - a scroll of magic mapping {unknown}
 m - a scroll of blinking {unknown}
Potions
 d - 2 potions of attraction {unknown}
 i - a potion of flight {unknown}
 k - a potion of mutation {unknown}
 l - a potion of brilliance {unknown}


   Skills:
 + Level 2.7 Fighting
 + Level 4.4 Dodging
 + Level 4.0 Unarmed Combat
 + Level 3.1 Spellcasting
 + Level 3.7 Transmutations


You had 7 spell levels left.
You knew the following spells:

 Your Spells              Type           Power      Damage    Failure   Level
a - Beastly Appendage     Tmut           26%        N/A       4%          1
b - Wereblood             Tmut           13%        N/A       7%          2

Your spell library contained the following spells:

 Spells                   Type           Power      Damage    Failure   Level
 Animate Skeleton         Necr           4%         N/A       21%         1
 Pain                     Necr           8%         1d4       21%         1
 Spider Form              Tmut/Pois      3%         N/A       28%         3
 Vampiric Draining        Necr           1%         2d6       52%         3
 Ice Form                 Ice/Tmut       7%         N/A       67%         4
 Agony                    Necr           2%         N/A       99%         5
 Excruciating Wounds      Necr           Unusable   N/A       N/A         5

Dungeon Overview and Level Annotations

Branches:
Dungeon (4/15)             Temple (0/1) D:4

Altars:
Ashenzari
Sif Muna

Shops:
D:2 [

Annotations:
D:4 Natasha


Innate Abilities, Weirdness & Mutations

You have temporarily grown beastly horns.
You have sharp claws.
You have razor-sharp teeth.
You have supernaturally acute eyesight. (SInv)
You cover ground quickly. (Speed+)
You are covered in fur. (AC +1)
Your paws help you pounce on unaware monsters.
You are incapable of wielding weapons or throwing items.
You cannot wear armour.
You gain extra lives every three experience levels.


Message History

You kill the orc!
Natasha claws you.
You scratch Natasha. You headbutt Natasha.
Natasha is heavily wounded.
Natasha casts a spell.
You barely miss Natasha.
Natasha is heavily wounded.
You scratch Natasha. Your bite misses Natasha.
Natasha is almost dead.
Natasha claws you.
You scratch Natasha.
You kill Natasha!
Natasha screams in fury as she dies!
The crimson imp disappears in a puff of smoke!
No target in view!
No target in view!
Your transformation is almost over.
Your horns disappear.
Things that are here:
a +0 flail; an orc corpse You now have 171 gold pieces (gained 12).
Found a shiny barding.
You pick up a book of Necromancy and begin reading...
You add the spells Animate Skeleton and Vampiric Draining to your library.
m - a scroll labelled ACZEASA PUICH Natasha, Servant of Life and Death comes into view.
Natasha is nearby!
Natasha hisses angrily.
You grow a pair of large bovine horns.
Natasha closely misses you.
You barely miss Natasha. Natasha claws you!
You scratch Natasha but do no damage. Natasha claws you!
You are too injured to fight recklessly!
You are too injured to fight recklessly!
You are too injured to fight recklessly!
You are too injured to fight recklessly!
You are too injured to fight recklessly!
You scratch Natasha but do no damage. Natasha casts a spell at you.
The magic dart hits you!
You die...

##### ..... .....
############## .####
#............# ..
###.##########@# ##
#...####### #h.......
##.
#.#.......####..#.....
#.. #...#............
.### ##..
####..............[.
.# #...
#.......#.....##..###
# #.(.
#.##..............#
#... #.
###..#.....###.# #...
#.. #..#..)..# ##
.....


You could see Natasha.

Vanquished Creatures
  An orc priest (D:3)
  Jessica (D:2)
  Natasha (twice) (D:4)
  7 gnolls
  4 adders
  2 worms (D:2)
  3 dart slugs
  3 orcs
  5 ball pythons
  9 endoplasms
  2 giant cockroaches
  4 goblins
  3 hobgoblins
  A jackal (D:2)
  5 kobolds
  9 quokkas
  2 bats
  5 frilled lizards (D:2)
  5 rats
73 creatures vanquished.

Vanquished Creatures (others)
  3 fungi (D:4)
  3 toadstools (D:4)
6 creatures vanquished.

Grand Total: 79 creatures vanquished

Notes
Turn   | Place    | Note
-------+----------+-------------------------------------------
     0 | D:1      | KoroneIsBestGirl the Felid Transmuter began the quest for
                  | the Orb.
     0 | D:1      | Reached XP level 1. HP: 9/9 MP: 4/4
   587 | D:1      | Reached XP level 2. HP: 8/12 MP: 4/6
  1930 | D:1      | Found a faded altar of an unknown god.
  2130 | D:1      | Reached XP level 3. HP: 15/15 MP: 5/7
  2251 | D:2      | Found Tupirrya's Antique Armour Boutique.
  3169 | D:2      | Noticed Jessica
  3182 | D:2      | Killed Jessica
  3183 | D:2      | Reached XP level 4. HP: 1/19 MP: 6/8
  4790 | D:2      | Learned a level 2 spell: Wereblood
  5274 | D:2      | Slain by a quokka
  5275 | D:2      | Reached XP level 3. HP: -2/16 MP: 8/8
  5438 | D:2      | Reached XP level 4. HP: 14/19 MP: 5/9
  7042 | D:3      | Reached XP level 5. HP: 21/23 MP: 7/10
  7358 | D:3      | Found a shimmering blue altar of Sif Muna.
  7443 | D:3      | Became a worshipper of Sif Muna the Loreminder
  8237 | D:4      | Identified the +2 cloak "Zotakh" {rC+ rN+ Int-5}
  8253 | D:4      | Found a broken altar of Ashenzari.
  8303 | D:4      | Fell from the grace of Sif Muna
  8303 | D:4      | Became a worshipper of Ashenzari the Shackled
  8401 | D:4      | Noticed Natasha
  8411 | D:4      | Killed Natasha
  8678 | D:4      | Found a staircase to the Ecumenical Temple.
  8681 | D:4      | Noticed Natasha
  8690 | D:4      | Killed Natasha
  8787 | D:4      | Noticed Natasha
  8792 | D:4      | Killed from afar by Natasha

Illustrated notes

Levels and vault maps discovered:
D:1:      co_arrival_hexagon_in_a_hexagon, layout_basic, basic_ecumenical_altar
D:2:      minmay_razor_zed, layout_loops_ring, serial_shops, shop, uniq_jessica
D:3:      layout_basic, led_sif_pool
D:4:      layout_loops_ring, lemuel_doored_altar,
          minmay_temple_entry_statues_pillars, corexii_leaking_fountain,
          minivault_19, minmay_gold_behind_fungi,
          chequers_serial_rivers_micro_b, uniq_natasha

Skill      XL: |  1  2  3  4  5 |
---------------+----------------+-----
Dodging        | 3 4 |  4.4
Fighting       | 2 |  2.7
Transmutations | 3 |  3.7
Spellcasting   | 3 |  3.1
Unarmed Combat | 4 |  4.0

Action                   |  1- 3 |  4- 6 || total
-------------------------+-------+-------++-------
Melee: Unarmed           |    99 |   146 ||   245
       Headbutt          |    17 |    24 ||    41
       Bite              |     9 |    17 ||    26
       Punch             |     1 |       ||     1
 Cast: Beastly Appendage |    48 |    74 ||   122
       Wereblood         |       |     1 ||     1
  Use: Scroll            |       |     3 ||     3
 Stab: Sleeping          |       |     1 ||     1
Armor: Skin              |     2 |     8 ||    10
Dodge: Dodged            |    71 |   115 ||   186

Table legend: (Time is in decaauts)
 A = Elapsed time spent in this place.
 B = Non-inter-level travel time spent in this place.
 C = Inter-level travel time spent in this place.
 D = Time resting spent in this place.
 E = Time spent auto-exploring this place.
 F = Levels seen in this place.
 G = Mean time per level.
                   A        B        C        D        E       F      G
               +--------+--------+--------+--------+--------+-----+--------+
         Total |   8273 |   8089 |    184 |   2925 |   4390 |   4 | 2068.2 |
       Dungeon |   8273 |   8089 |    184 |   2925 |   4390 |   4 | 2068.2 |
               +--------+--------+--------+--------+--------+-----+--------+

Top non-repeatable levels by time:
     D:1: 2984 daAuts
     D:2: 2884 daAuts
     D:3: 1897 daAuts
     D:4: 507 daAuts
